 Dungeon Crawl Stone Soup version 0.23.2-1-ga50397a (webtiles) character file.

Game seed: 5862667230875790036

343 Borgoz the Cutter (level 6, -9/42 HPs)
             Began as a Halfling Gladiator on May 14, 2019.
             Splashed by Ijyb's acid (11 damage)
             ... on level 4 of the Dungeon.
             The game lasted 00:04:25 (2560 turns).

Borgoz the Cutter (Halfling Gladiator)              Turns: 2560, Time: 00:04:26

Health: -9/42      AC:  5    Str: 15    XL:     6   Next: 88%
Magic:  6/6        EV: 14    Int:  6    God:
Gold:   151        SH:  0    Dex: 18    Spells: 5/5 levels left

rFire    . . .     SeeInvis .   j - +2 dagger (venom)
rCold    . . .     Gourm    .   (shield restricted)
rNeg     + . .     Faith    .   k - +0 scale mail
rPois    .         Spirit   .   c - +0 helmet
rElec    .         Reflect  .   l - +0 cloak (curse)
rCorr    .         Harm     .   (no gloves)
MR       .....                  (no boots)
Stlth    ..........             (no amulet)
HPRegen  0.14/turn              r - ring of positive energy
MPRegen  0.10/turn              (no ring)

@: corroded
A: small, mutation resistance 1
a: no special abilities


You were on level 4 of the Dungeon.
You were not hungry.

You visited 1 branch of the dungeon, and saw 4 of its levels.

You collected 151 gold pieces.

Inventory:

Hand Weapons
 a - a +0 rapier
 j - a +2 dagger of venom (weapon)
Missiles
 d - 2 throwing nets (quivered)
Armour
 c - a +0 helmet (worn)
 k - a +0 scale mail (worn)
 l - a cursed +0 cloak (worn)
Jewellery
 r - a ring of positive energy (left hand)
Scrolls
 m - 3 scrolls of teleportation
 n - a scroll of remove curse {unknown}
Potions
 e - a potion of agility
 h - a potion of curing
 i - a potion of haste
 p - a potion of flight
 q - a potion of magic
Comestibles
 f - 4 rations
 g - 3 chunks of flesh


   Skills:
 * Level 3.3 Fighting
 * Level 5.2 Short Blades
 - Level 2.0 Throwing
 * Level 3.3 Armour
 * Level 4.8 Dodging


You had 5 spell levels left.
You didn't know any spells.
Your spell library was empty.

Dungeon Overview and Level Annotations

Branches:
Dungeon (4/15)
 Temple: D:4-7

Altars:

Annotations:
D:4 Ijyb


Innate Abilities, Weirdness & Mutations

You are small and have problems with some larger weapons.
You are somewhat resistant to further mutation.


Message History

The adder bites you.
You hit the adder but do no damage.
The adder is poisoned.
The adder is lightly wounded.
The adder misses you.
You barely miss the adder.
The adder is moderately wounded.
The adder bites you but does no damage.
You hit the adder.
The adder looks as sick as possible!
The adder is heavily wounded.
The adder barely misses you.
You barely miss the adder.
The adder is heavily wounded.
The adder closely misses you.
You hit the adder.
You kill the adder!
Ijyb the Twisted Goblin comes into view.
She is wielding a +0 dagger and carrying a wand of acid (10).
Ijyb zaps a wand.
The bolt of acid hits you!
* * * LOW HITPOINT WARNING * * *
The acid corrodes you!
You are splashed with acid!
You die...

###.##### #.>..............
#.......# #.......######...
#.......# #.......#### #...
#.......####...<............
#.......'..'............#...
#.......####.....######.#.##
#.......#..%....[# #.#
#.......#.....#### .#
#.......#..@..#
#########.....# #..........
#....?##... #...g.# ##
#...... ###..... #......
.......#


You could see Ijyb.

Vanquished Creatures
  An ice beast (D:2)
  A bullfrog zombie (D:4)
  A hound (D:4)
  A worker ant (D:4)
  10 adders
  2 worms
  A leopard gecko (D:3)
  5 orcs (D:3)
  5 bats
  2 giant cockroaches
  9 goblins
  8 hobgoblins
  4 jackals (D:3)
  A quokka (D:3)
  3 frilled lizards
  6 kobolds
  2 quokka skeletons
  10 rats
72 creatures vanquished.

Notes
Turn   | Place    | Note
-------+----------+-------------------------------------------
     0 | D:1      | Borgoz the Halfling Gladiator began the quest for the Orb.
     0 | D:1      | Reached XP level 1. HP: 14/14 MP: 1/1
   164 | D:1      | Reached XP level 2. HP: 18/19 MP: 2/2
   512 | D:2      | Reached skill level 1 in Armour
   519 | D:2      | Reached skill level 4 in Short Blades
   519 | D:2      | Reached XP level 3. HP: 21/24 MP: 3/3
   854 | D:2      | Reached XP level 4. HP: 30/30 MP: 4/4
  1386 | D:2      | Noticed an ice beast
  1394 | D:2      | Killed an ice beast
  1394 | D:2      | Reached XP level 5. HP: 16/36 MP: 5/5
  1968 | D:3      | Reached XP level 6. HP: 41/41 MP: 6/6
  2406 | D:4      | Reached skill level 5 in Short Blades
  2557 | D:4      | Noticed Ijyb
  2560 | D:4      | HP: 2/42 [Ijyb/wand of acid (10) (14)]
  2560 | D:4      | Splashed by Ijyb's acid

Skill      XL: |  1  2  3  4  5  6 |
---------------+-------------------+-----
Fighting       | 2 3 |  3.3
Armour         | 1 2 3 |  3.3
Short Blades   | 4 5 |  5.2
Dodging        | 4 |  4.8
Throwing       | |  2.0

Action                   |  1- 3 |  4- 6 || total
-------------------------+-------+-------++-------
Melee: Rapier            |    15 |       ||    15
       Dagger            |    50 |   164 ||   214
Throw: Throwing net      |       |     2 ||     2
  Use: Scroll            |     2 |     5 ||     7
       Potion            |       |     2 ||     2
 Stab: Held in net/web   |       |     3 ||     3
  Eat: Chunk             |       |     5 ||     5
Armor: Leather armour    |     5 |       ||     5
       Scale mail        |    15 |    43 ||    58
Dodge: Dodged            |    33 |   101 ||   134
